 Dungeon Crawl Stone Soup version 0.23.0 (webtiles) character file.

Game seed: 6565871408106418445

910 farkougg the Cudgeler (level 7, -2/50 HPs)
             Began as a Demonspawn Gladiator on Feb 12, 2019.
             Slain by an orc warrior
             ... wielding a +0 halberd
              (22 damage)
             ... on level 5 of the Dungeon.
             The game lasted 00:31:45 (4511 turns).

farkougg the Cudgeler (Demonspawn Gladiator)        Turns: 4511, Time: 00:31:46

Health: -2/50      AC:  9    Str: 15    XL:     7   Next: 81%
Magic:  6/7        EV: 14    Int: 11    God:
Gold:   127        SH:  0    Dex: 14    Spells: 5/6 levels left

rFire    . . .     SeeInvis .   a - +1 mace (protect)
rCold    . . .     Gourm    .   (no shield)
rNeg     . . .     Faith    .   b - +0 leather armour
rPois    .         Spirit   .   (helmet restricted)
rElec    .         Reflect  .   i - +0 cloak
rCorr    .         Harm     .   g - +0 pair of gloves
MR       +....                  (no boots)
Stlth    +.........             y - amulet of regeneration
HPRegen  0.56/turn              x - +2 ring of protection
MPRegen  0.10/turn              j - ring of protection from magic

@: no status effects
A: antennae 1, molten scales 1
a: no special abilities


You were on level 5 of the Dungeon.
You were not hungry.

You visited 2 branches of the dungeon, and saw 7 of its levels.

You collected 204 gold pieces.
You spent 77 gold pieces at shops.

Inventory:

Hand Weapons
 a - a +1 mace of protection (weapon)
 c - a +4 flail
 w - a +0 blowgun
Missiles
 p - 5 poisoned needles
Armour
 b - a +0 leather armour (worn)
 g - a +0 pair of gloves (worn)
 i - a +0 cloak (worn)
Jewellery
 j - a ring of protection from magic (right hand)
 l - an uncursed ring of protection from cold
 x - a +2 ring of protection (left hand)
 y - an amulet of regeneration (around neck)
Wands
 m - a wand of digging (7)
 t - a wand of polymorph (8)
Scrolls
 e - 3 scrolls of remove curse {unknown}
 h - a scroll of amnesia {unknown}
 k - a scroll of fear {unknown}
 o - a scroll of identify {unknown}
 q - a scroll of magic mapping {unknown}
 r - 2 scrolls of teleportation {unknown}
 u - a scroll of blinking {unknown}
 A - a scroll of enchant weapon {unknown}
Potions
 s - 2 potions of heal wounds
 v - a potion of haste {unknown}
Comestibles
 f - 4 rations


   Skills:
 - Level 2.0 Fighting
 + Level 6.5 Maces & Flails
 - Level 1.7 Throwing
 + Level 5.2 Dodging
 + Level 3.7 Necromancy


You had 5 spell levels left.
You knew the following spells:

 Your Spells              Type           Power        Failure   Level  Hunger
a - Pain                  Necr           #...         10%         1    ##.....

Your spell library contained the following spells:

 Spells                   Type           Power        Failure   Level  Hunger
 Animate Skeleton         Necr           N/A          10%         1    ##.....
 Vampiric Draining        Necr           #.........   28%         3    ####...
 Shock                    Conj/Air       #...         41%         1    ##.....
 Regeneration             Chrm/Necr      #.........   52%         3    ####...
 Swiftness                Chrm/Air       #.......     54%         2    ###....
 Animate Dead             Necr           N/A          67%         4    #####..
 Static Discharge         Conj/Air       #.......     78%         3    ####...
 Airstrike                Air            #.........   99%         4    #####..
 Lightning Bolt           Conj/Air       #.........   100%        5    ######.


Dungeon Overview and Level Annotations

Branches:
Dungeon (6/15)             Temple (1/1) D:4

Altars:
Ashenzari
Cheibriados
Dithmenos
Fedhas
Hepliaklqana
Kikubaaqudgha
Okawaru
Qazlal
Ru
Sif Muna
Trog
Xom
Zin
The Shining One

Shops:
D:4 !%:!}   D:6 *

Annotations:
D:2 1 runed translucent door, Crazy Yiuf, Sigmund


Innate Abilities, Weirdness & Mutations

You have a pair of small antennae on your head.
You are partially covered in molten scales. (AC +2)


Message History

Press: ? - help, Shift-Dir - straight line, f/p - orc warrior
Aim: an orc warrior, wielding a +0 halberd and wearing a +0 plate armour (lightly wounded, slow, poisoned)
You shoot a poisoned needle.
The poisoned needle hits the orc warrior.
The orc warrior looks as sick as possible!
The orc warrior is lightly wounded.
Wield which item (- for none, * to show all)? (? for menu, Esc to quit)
Your +1 mace of protection hums with potential!
a - a +1 mace of protection (weapon)
The orc warrior is no longer moving slowly.
The orc warrior hits you from afar with a +0 halberd.
The orc warrior hits you with a +0 halberd!
Casting: Pain (safe; 10% risk of failure)
Confirm with . or Enter, or press ? or * to list all spells.
Aiming: Pain (safe; 10% risk of failure)
Press: ? - help, Shift-Dir - straight line, f/p - orc warrior
Aim: an orc warrior, wielding a +0 halberd and wearing a +0 plate armour (almost dead, poisoned, chance to defeat MR: 57%)
The orc warrior writhes in agony.
The orc warrior hits you with a +0 halberd!!
You die...

..............#........# ......
..............#........####......
.#........#####.(................
##............##(................
..............##...............(.
.................................
..............)..................
...............o.....#######.....
................@....# #.....
..).###'###..........# #.....
....###..##..........# #.....
.......#'##..........# ##....
.............#.......... ##....
)............#........... ......
.............#........... ......
.............#........... ....#.
##'####......###'##...... ......


You could see an orc warrior.

Vanquished Creatures
  Grinder (D:5)
  2 ogres (D:4)
  2 scorpions (D:4)
  A crimson imp (D:5)
  2 iguanas
  An orc wizard (D:3)
  Natasha (twice) (D:3)
  5 worker ants
  A hound skeleton (D:5)
  A howler monkey skeleton (D:6)
  7 adders
  2 oozes (D:3)
  2 worms
  3 dart slugs (D:3)
  2 leopard geckos
  8 orcs
  3 giant cockroaches
  3 goblins
  7 hobgoblins
  4 jackals (D:5)
  4 quokkas
  A bat (D:3)
  A frilled lizard (D:3)
  5 kobolds
  3 rats
73 creatures vanquished.

Vanquished Creatures (others)
  2 plants (D:4)
2 creatures vanquished.

Grand Total: 75 creatures vanquished

Notes
Turn   | Place    | Note
-------+----------+-------------------------------------------
     0 | D:1      | farkougg the Demonspawn Gladiator began the quest for the
                  | Orb.
     0 | D:1      | Reached XP level 1. HP: 16/16 MP: 1/1
    11 | D:1      | You fall through a shaft!
    28 | D:2      | Reached skill level 3 in Maces & Flails
    28 | D:2      | Gained mutation: You have a pair of small antennae on your
                  | head. [demonic ancestry]
    28 | D:2      | Reached XP level 2. HP: 9/22 MP: 2/2
   374 | D:2      | Found a runed translucent door.
   376 | D:2      | Noticed Crazy Yiuf
   546 | D:2      | Noticed Sigmund
   562 | D:3      | Reached XP level 3. HP: 27/27 MP: 3/3
  1265 | D:3      | Found a bloodstained altar of Trog.
  1268 | D:3      | Found a snail-covered altar of Cheibriados.
  1563 | D:3      | Reached skill level 4 in Maces & Flails
  1563 | D:3      | Reached XP level 4. HP: 33/33 MP: 4/4
  1586 | D:3      | Found an ancient bone altar of Kikubaaqudgha.
  2077 | D:3      | Noticed Natasha
  2087 | D:3      | Killed Natasha
  2088 | D:3      | Noticed Natasha
  2105 | D:3      | Killed Natasha
  2105 | D:3      | Gained mutation: You are partially covered in molten
                  | scales. (AC +2) [demonic ancestry]
  2105 | D:3      | Reached XP level 5. HP: 30/38 MP: 5/5
  2196 | D:3      | Found a blossoming altar of Fedhas.
  2355 | D:4      | Found Idex's Distillery.
  2407 | D:4      | Bought a potion of heal wounds for 50 gold pieces
  2475 | D:4      | Reached skill level 5 in Maces & Flails
  2725 | D:4      | Learned a level 1 spell: Pain
  2743 | D:4      | Reached XP level 6. HP: 34/44 MP: 6/6
  3024 | D:4      | Found a staircase to the Ecumenical Temple.
  3031 | Temple   | Entered the Ecumenical Temple
  3129 | D:4      | Found Weupsas's Gadget Boutique.
  3184 | D:4      | Found Feytsatugg's Book Shop.
  3202 | D:4      | Found Irokacay's Food Shoppe.
  3255 | D:4      | Reached skill level 6 in Maces & Flails
  3330 | D:4      | Found Vaogut Kafu's Distillery.
  3348 | D:4      | Reached skill level 1 in Necromancy
  3515 | D:4      | Bought a potion of degeneration for 13 gold pieces
  3557 | D:5      | Entered Level 5 of the Dungeon
  3601 | D:5      | Reached XP level 7. HP: 50/50 MP: 7/7
  3906 | D:5      | Noticed Grinder
  3910 | D:5      | Paralysed by Grinder for 2 turns
  3940 | D:5      | Paralysed by Grinder for 3 turns
  3954 | D:5      | Killed Grinder
  3954 | D:5      | Reached skill level 5 in Dodging
  4195 | D:5      | Found a shattered altar of Ashenzari.
  4400 | D:6      | Found Guciogeo's General Store.
  4418 | D:6      | Bought a scroll of noise for 14 gold pieces
  4511 | D:5      | Slain by an orc warrior

Skill      XL: |  1  2  3  4  5  6  7 |
---------------+----------------------+-----
Maces & Flails | 3 4 5 6 |  6.5
Dodging        | 3 4 5 |  5.2
Necromancy     | 1 3 |  3.7
Fighting       | |  2.0
Throwing       | |  1.7

Action                   |  1- 3 |  4- 6 |  7- 9 || total
-------------------------+-------+-------+-------++-------
Melee: Flail             |    28 |       |       ||    28
       Mace              |    80 |   116 |   104 ||   300
 Fire: Blowgun           |       |    23 |    12 ||    35
Throw: Throwing net      |       |     5 |     2 ||     7
 Cast: Pain              |       |       |     4 ||     4
 Stab: Sleeping          |       |     1 |       ||     1
       Held in net/web   |       |     1 |       ||     1
  Eat: Chunk             |     1 |     4 |     2 ||     7
       Ration            |     1 |       |     1 ||     2
Armor: Leather armour    |    27 |    32 |    39 ||    98
Dodge: Dodged            |    72 |    58 |    95 ||   225
